 Dungeon Crawl Stone Soup version 0.29.1-12-g30fa7ad0bf (webtiles) character file.

Game seed: 4570999121213536785

2869 MacCMillion the Thaumaturge (level 10, -2/60 HPs)
             Began as a Djinni Conjurer on Jan 6, 2023.
             Killed by an exploding fulminant prism (30 damage)
             ... on level 7 of the Dungeon.
             The game lasted 00:18:55 (7097 turns).

MacCMillion the Thaumaturge (Djinni Conjurer)       Turns: 7097, Time: 00:18:56

Health: -2/60      AC:  5    Str:  6    XL:     10   Next: 4%
Gold:   348        EV: 11    Int: 25    God:
                   SH:  0    Dex: 11

rFire   + + .      SeeInvis .   g - +0 short sword
rCold   x . .      Faith    .   (no shield)
rNeg    . . .      Spirit   .   j - +0 troll leather armour {Pargi}
rPois   ∞          Reflect  .   m - +0 helmet
rElec   .          Harm     .   (no cloak)
rCorr   .          Rampage  .   (no gloves)
Will    +....                   (boots unavailable)
Stlth   +.........              (no amulet)
HPRegen 1.00/turn               (no ring)
MPRegen 0.00/turn               (no ring)

@: flying
A: sickness immunity, fire resistance 2, cold vulnerability 1, float, innate
caster, HP casting, extra vitality 1
a: no special abilities


You were on level 7 of the Dungeon.
You visited 1 branch of the dungeon, and saw 7 of its levels.
You also visited: Bailey.

You collected 348 gold pieces.

Inventory:

Hand Weapons
 g - a +0 short sword (weapon)
Armour
 a - a +0 robe
 j - a +0 troll leather armour (worn) {Pargi}
 l - a +2 buckler
 m - a +0 helmet (worn)
 D - a +0 pair of gloves
Jewellery
 z - a ring of fire
 A - a +4 ring of evasion
 B - a +6 ring of strength
Wands
 s - a wand of roots (5)
 v - a wand of acid (8)
 y - a wand of digging (3)
Scrolls
 d - 3 scrolls of fog
 e - a scroll of fear
 f - 2 scrolls of magic mapping
 n - a scroll of poison
 o - a scroll of brand weapon {unknown}
 p - 2 scrolls of teleportation
 r - a scroll of immolation {unknown}
 u - a scroll of vulnerability {unknown}
 x - 3 scrolls of identify
 E - a scroll of enchant armour {unknown}
 K - a scroll of amnesia {unknown}
Potions
 b - 4 potions of degeneration
 c - 3 potions of might
 h - a potion of attraction
 i - a potion of berserk rage
 k - a potion of haste {unknown}
 q - a potion of ambrosia {unknown}
 t - 4 potions of heal wounds {unknown}
 w - 3 potions of curing {unknown}
 C - 4 potions of cancellation {unknown}
 F - a potion of invisibility {unknown}
 G - 2 potions of magic {unknown}
 H - 2 potions of mutation {unknown}
 I - 3 potions of brilliance {unknown}
 J - a potion of resistance {unknown}


   Skills:
 - Level 2.1 Dodging
 - Level 1.5 Stealth
 - Level 4.0 Shields
 + Level 10.2 Spellcasting


You had 6 spell levels left.
You knew the following spells:

 Your Spells              Type           Power      Damage    Failure   Level
a - Magic Dart            Conj           100%       1d8       1%          1
b - Searing Ray           Conj           100%       2d8       1%          2
c - Dazzling Flash        Conj/Hex       100%       N/A       1%          3
d - Fulminant Prism       Conj/Hex       29%        3d14      1%          4
e - Iskenderun's Mystic   Conj/Tloc      59%        2d12      1%          4
f - Freeze                Ice            100%       1d11      1%          1
g - Wereblood             Tmut           59%        N/A       1%          2
h - Spider Form           Tmut/Pois      59%        N/A       1%          3
i - Lesser Beckoning      Tloc           59%        N/A       1%          3
Your spell library was empty.

Dungeon Overview and Level Annotations

Branches:
Dungeon (7/15)             Bailey (visited)
 Temple: D:4-7

Altars:
Okawaru

Shops:
D:2 *

Annotations:
D:2 Natasha
D:3 Sigmund
D:5 2 transporters, tykejmi's ghost, amateur DECj
D:7 Joseph


Innate Abilities, Weirdness & Mutations

You are immune to sickness and miasma.
You are immune to poison.
Your flesh is very heat resistant. (rF++)
You are vulnerable to cold. (rC-)
You float through the air rather than walking.
You learn spells naturally, not from books.
Your magical power is your life essence.
You have superior vitality. (+4 MHP)


Message History

Your fulminant prism crackles loudly.
Something hits your fulminant prism!!
Your fulminant prism explodes!
Unknown command.
Casting: Fulminant Prism (dangerous; 1% risk of failure)
Confirm with . or Enter, or press ? or * to list all spells.
You don't know that spell.
Casting: Fulminant Prism (dangerous; 1% risk of failure)
Confirm with . or Enter, or press ? or * to list all spells.
Aiming: Fulminant Prism (dangerous; 1% risk of failure)
Press: ? - help, Dir - move target You conjure a prism of explosive energy!
A fulminant prism comes into view.
There is an open door here.
Casting: Fulminant Prism (dangerous; 1% risk of failure)
Confirm with . or Enter, or press ? or * to list all spells.
Aiming: Fulminant Prism (dangerous; 1% risk of failure)
Press: ? - help, Dir - move target You conjure a prism of explosive energy!
A fulminant prism comes into view.
Joseph unwields a +6 vorpal quarterstaff.
Joseph wields a +0 sling.
Joseph shoots a sling bullet.
The sling bullet hits you!
You hear a loud crackle.
You hear an explosion!
Unknown command.
Casting: Fulminant Prism (dangerous; 1% risk of failure)
Confirm with . or Enter, or press ? or * to list all spells.
Aiming: Fulminant Prism (dangerous; 1% risk of failure)
Press: ? - help, Dir - move target You conjure a prism of explosive energy!
A fulminant prism comes into view.
Joseph unwields a +6 vorpal quarterstaff.
Joseph wields a +0 sling.
Joseph shoots a sling bullet.
The sling bullet hits you!!
Your fulminant prism crackles loudly.
Your fulminant prism explodes!
The blast of energy engulfs you!!
Ouch! That really hurt!
You die...

####~.....# ...#~..+###
.∩.#~....## ...#~.....#
####~.....# #### . #####
~≈~~~.....# ######..## #.#)...
..........# ##....'.@.####.#.#..
....##.÷..# #..#.##..#.#.#*@.#.#
.#######'## #.#@.#.#.#..@.......
.#....#..## #.##.......##.....##
.#....+...## #......#............
.#....#..#.###.#....#....#.###.#.
##....#.............#............
......####.....##.......##.....##
......##..........#.#.#..........
......###.#...#.#.#...#.#.#...#.#
......##..#.#.#........ ..#.#.#..


There were no monsters in sight!

Vanquished Creatures
  An orc knight (Bailey)
  3 yaks (D:6)
  An acid dragon (D:6)
  Pargi (D:3)
  A water moccasin (D:6)
  A sky beast (D:6)
  2 black bears
  2 ogres
  A phantom (D:7)
  A bullfrog (D:6)
  4 scorpions
  A howler monkey (D:5)
  3 jellies
  An orc priest (D:5)
  5 hounds
  6 iguanas
  6 orc wizards
  Robin (D:3)
  6 gnolls
  8 adders
  A worm (D:3)
  A dart slug (D:2)
  36 orcs
  3 bats
  7 endoplasms
  3 giant cockroaches
  14 goblins
  8 hobgoblins
  4 quokkas
  7 ball pythons
  5 frilled lizards
  3 kobolds
  6 rats
153 creatures vanquished.

Vanquished Creatures (others)
  33 fulminant prisms
  6 plants (D:2)
39 creatures vanquished.

Grand Total: 192 creatures vanquished

Notes
Turn   | Place    | Note
-------+----------+-------------------------------------------
     0 | D:1      | MacCMillion the Djinni Conjurer began the quest for the
                  | Orb.
     0 | D:1      | MacCMillion set off with the following spells memorised:
                  | Magic Dart, Searing Ray, Dazzling Flash, Fulminant Prism,
                  | Iskenderun's Mystic Blast.
     0 | D:1      | Reached XP level 1. HP: 15/15 MP: 0/0
   238 | D:1      | Reached XP level 2. HP: 20/21 MP: 0/0
   463 | D:1      | Reached XP level 3. HP: 19/25 MP: 0/0
   463 | D:1      | Learned a level 1 spell: Freeze
   569 | D:1      | Found a faded altar of an unknown god.
   849 | D:2      | Found Alaofar's Assorted Antiques.
  1109 | D:2      | Reached skill level 4 in Spellcasting
  1289 | D:2      | Identified the +7 short sword "Wabbio Ficvy" {drain, rF+
                  | Str+4 Dex-3}
  1585 | D:2      | Reached XP level 4. HP: 9/31 MP: 0/0
  1807 | D:2      | Noticed Natasha
  2644 | D:3      | Noticed Pargi
  2669 | D:3      | Killed Pargi
  2670 | D:3      | Reached skill level 5 in Spellcasting
  2670 | D:3      | Reached XP level 5. HP: 5/35 MP: 0/0
  2670 | D:3      | Learned a level 2 spell: Wereblood
  2986 | D:3      | Noticed Robin
  3005 | D:3      | Killed Robin
  3173 | D:3      | Reached XP level 6. HP: 38/40 MP: 0/0
  3189 | D:3      | Noticed Sigmund
  3596 | D:3      | Reached skill level 1 in Shields
  3944 | D:4      | Found an iron altar of Okawaru.
  4199 | D:4      | Reached XP level 7. HP: 43/45 MP: 0/0
  4199 | D:4      | Learned a level 3 spell: Spider Form
  4420 | D:5      | Entered Level 5 of the Dungeon
  4495 | D:5      | Reached skill level 6 in Spellcasting
  4632 | D:5      | Reached XP level 8. HP: 48/50 MP: 0/0
  4874 | D:5      | Noticed tykejmi's ghost (amateur DECj)
  4881 | D:5      | Found a transporter.
  4884 | D:5      | Found a transporter.
  5325 | D:6      | Reached skill level 7 in Spellcasting
  5561 | D:6      | Noticed a yak
  5561 | D:6      | Noticed a yak
  5581 | D:6      | Killed a yak
  5600 | D:6      | Reached skill level 8 in Spellcasting
  5600 | D:6      | Reached XP level 9. HP: 54/55 MP: 0/0
  5600 | D:6      | Learned a level 3 spell: Lesser Beckoning
  5638 | D:6      | Reached skill level 9 in Spellcasting
  6126 | D:7      | Found a flagged portal.
  6131 | Bailey   | Entered a bailey
  6542 | Bailey   | Noticed an orc knight
  6555 | Bailey   | Killed an orc knight
  6556 | Bailey   | Reached skill level 10 in Spellcasting
  6786 | D:7      | Reached XP level 10. HP: 59/60 MP: 0/0
  6897 | D:7      | Noticed Joseph
  7097 | D:7      | Killed by an exploding fulminant prism

Illustrated notes

Levels and vault maps discovered:
D:1:      dpeg_arrival_shrine, layout_basic, hellmonk_ecumenical_altar_zigzags
D:2:      layout_basic, serial_shops, shop, serial_bayou_lagoon_a,
          minmay_unequal, uniq_natasha
D:3:      layout_loops_ring, uniq_terence, uniq_sigmund, uniq_robin, uniq_pargi
D:4:      layout_basic, okawaru_ov_weapons_minmay,
          chequers_serial_rivers_large_a
D:5:      layout_basic, gammafunk_ghost_arena, kennysheep_crisscross,
          skrybe_limestone_x
D:6:      layout_basic, grunt_potential
D:7:      nicolae_cairo_tiling_large_dashed, layout_gridville,
          minmay_temple_entry_steel_oval, enter_bailey_3, uniq_joseph

Skill      XL: |  1  2  3  4  5  6  7  8  9 |
---------------+----------------------------+-----
Spellcasting   | 4 5 6 8 10 | 10.2
Shields        | 2 4 |  4.0
Dodging        | |  2.1
Stealth        | |  1.5

Action                   |  1- 3 |  4- 6 |  7- 9 | 10-12 || total
-------------------------+-------+-------+-------+-------++-------
Melee: Short sword       |       |       |     2 |       ||     2
 Cast: Magic Dart        |    35 |    57 |    68 |       ||   160
       Searing Ray       |     4 |    19 |    40 |       ||    63
       Fulminant Prism   |       |       |    26 |     7 ||    33
  Use: Scroll            |       |     7 |     3 |       ||    10
Armor: Robe              |     1 |     4 |       |       ||     5
       Troll leather arm |       |     3 |     8 |       ||    11
Dodge: Dodged            |     4 |     9 |    25 |     1 ||    39
